 Dungeon Crawl Stone Soup version 0.28-a0-969-g2dcde036d2 (webtiles) character file.

Game seed: 5768190147062350264

487 KyoPewz the Shooter (level 6, -7/36 HPs)
             Began as a Deep Elf Arcane Marksman on Dec 1, 2021.
             Killed by an exploding ogre (39 damage)
             ... ignited by their inner flame
             ... on level 4 of the Dungeon.
             The game lasted 00:42:14 (5528 turns).

KyoPewz the Shooter (Deep Elf Arcane Marksman)      Turns: 5528, Time: 00:42:15

Health: -7/36      AC:  3    Str:  7    XL:     6   Next: 89%
Magic:  2/10       EV: 14    Int: 18    God:
Gold:   91         SH:  0    Dex: 17    Spells: 4/8 levels left

rFire   . . .      SeeInvis .   a - +0 dagger {short}
rCold   + . .      Faith    .   (no shield)
rNeg    . . .      Spirit   .   d - +0 robe
rPois   .          Reflect  .   (no helmet)
rElec   .          Harm     .   (no cloak)
rCorr   .          Rampage  .   (no gloves)
Will    .....                   f - +0 pair of boots
Stlth   ++........              (no amulet)
HPRegen 0.12/turn               r - ring of ice
MPRegen 0.12/turn               v - ring of protection from fire

@: no status effects
A: no striking features
a: no special abilities


You were on level 4 of the Dungeon.
You visited 1 branch of the dungeon, and saw 4 of its levels.

You collected 91 gold pieces.


   Skills:
 + Level 2.9 Fighting
 - Level 6.0 Bows
 - Level 5.0 Dodging
 - Level 1.5 Spellcasting
 - Level 4.0 Hexes
 - Level 3.0 Fire Magic


You had 4 spell levels left.
You knew the following spells:

 Your Spells              Type           Power      Damage    Failure   Level
a - Slow                  Hex            60%        N/A       3%          1
b - Inner Flame           Hex/Fire       14%        N/A       14%         3

Your spell library contained the following spells:

 Spells                   Type           Power      Damage    Failure   Level
 Magic Dart               Conj           4%         1d3       19%         1
 Portal Projectile        Hex/Tloc       16%        N/A       26%         3
 Call Imp                 Summ           1%         N/A       28%         2
 Cause Fear               Hex            7%         N/A       34%         4
 Mephitic Cloud           Conj/Pois/Air  1%         N/A       50%         3

Inventory:

Hand Weapons
 a - a +0 dagger (weapon) {short}
   (You took it off a goblin on level 1 of the Dungeon)
 b - a +0 shortbow {bow}
 h - a +0 morningstar {mace}
   (You took it off an orc priest on level 2 of the Dungeon)
 n - a +0 short sword {short}
   (You took it off a kobold on level 1 of the Dungeon)
Missiles
 c - 19 arrows
 j - 29 sling bullets
 p - 25 stones {throwing}
 s - 7 poisoned darts (quivered) {throwing}
 t - 2 javelins {throwing}
Armour
 d - a +0 robe (worn)
 f - a +0 pair of boots (worn)
   (You found it on level 1 of the Dungeon)
Jewellery
 r - a ring of ice (left hand)
   (You found it on level 3 of the Dungeon)
 v - a ring of protection from fire (right hand)
   (You found it on level 4 of the Dungeon)
Scrolls
 e - 2 scrolls of enchant weapon {unknown}
 g - a scroll of identify {@r1}
 i - a scroll of fear {unknown}
 m - a scroll of enchant armour {unknown}
 u - a scroll of immolation {!r!r}
Potions
 k - a potion of attraction {!q}
 l - a potion of lignification {!q}
 o - a potion of curing {@q1}
 q - a potion of mutation {!q}

Dungeon Overview and Level Annotations

Branches:
Dungeon (4/15)
 Temple: D:4-7

Altars:
Okawaru

#.#.#######.####.......
#.#.#...........######. #......
#.#.#.#####.###.# #......
#.............# #....(.
###.###.###.#.# ......
#.....###+#.# .....
#####........# ....
#............################'#
+..............@°§....(.......#
#..............§§§....#########
#....##..#'#..........#
#....###.#.##.........# ##....#
#...##........## ##....#
##..##........####### #######
#..##..............# ......#
#..##........#####.# ......#
#..###.........#


There were no monsters in sight!


Message History

You kill the ball python!
No target in view!
You see here a ball python corpse.
Found a stone staircase leading up. 😎 HP[+5]
Your hp is fully restored (36).
You see here a ball python corpse.
You open the door.
An ogre and a two-headed ogre come into view.
The ogre shouts!
Casting: Inner Flame (quite dangerous; 14% risk of failure)
Confirm with . or Enter, or press ? or * to list all spells.
Aiming: Slow (safe; 3% risk of failure)
Press: ? - help, Shift-Dir - straight line, f - ogre
Aim: an ogre, wielding a +0 giant spiked club (chance to affect: 51%)
The ogre resists with significant effort. 😎 MP[-1]
You lost 1 mp, and now have 9/10 mp.
Casting: Slow (safe; 3% risk of failure)
Confirm with . or Enter, or press ? or * to list all spells.
Aiming: Slow (safe; 3% risk of failure)
Press: ? - help, Shift-Dir - straight line, f/p - ogre
Aim: an ogre, wielding a +0 giant spiked club (chance to affect: 51%)
The ogre resists with significant effort.
The ogre barely misses you. 😎 MP[-1]
You lost 1 mp, and now have 8/10 mp.
Casting: Slow (safe; 3% risk of failure)
Confirm with . or Enter, or press ? or * to list all spells.
Aiming: Slow (safe; 3% risk of failure)
Press: ? - help, Shift-Dir - straight line, f/p - ogre
Aim: an ogre, wielding a +0 giant spiked club (chance to affect: 51%)
The ogre resists with significant effort. 😎 MP[-1]
You lost 1 mp, and now have 7/10 mp.
Casting: Slow (safe; 3% risk of failure)
Confirm with . or Enter, or press ? or * to list all spells.
Aiming: Slow (safe; 3% risk of failure)
Press: ? - help, Shift-Dir - straight line, f/p - ogre
Aim: an ogre, wielding a +0 giant spiked club (chance to affect: 51%)
The ogre seems to slow down.
The ogre hits you with a +0 giant spiked club. 😕 HP[-6] MP[-1]
You take 6 damage, and now have 30/36 hp.
You lost 1 mp, and now have 6/10 mp. 😕 MP[+1] 😕 HP[+1]
Casting: Slow (safe; 3% risk of failure)
Confirm with . or Enter, or press ? or * to list all spells.
Aiming: Slow (safe; 3% risk of failure)
Press: ? - help, Shift-Dir - straight line, f/p - ogre
Aim: an ogre, wielding a +0 giant spiked club (slow, chance to affect: 51%)
Okay, then.
Casting: Slow (safe; 3% risk of failure)
Confirm with . or Enter, or press ? or * to list all spells.
The spell is quite dangerous to miscast (14% risk of failure)!
Continue anyway? [Y]es or [N]o only, please.
The spell is quite dangerous to miscast (14% risk of failure)!
Continue anyway?
Aiming: Inner Flame (quite dangerous; 14% risk of failure)
Press: ? - help, Dir - move target, f/p - ogre
Aim: an ogre, wielding a +0 giant spiked club (slow, chance to affect: 68%)
The ogre struggles to resist. 😕 MP[-2]
You lost 2 mp, and now have 5/10 mp.
Casting: Inner Flame (quite dangerous; 14% risk of failure)
Confirm with . or Enter, or press ? or * to list all spells.
The spell is quite dangerous to miscast (14% risk of failure)!
Continue anyway?
Aiming: Inner Flame (quite dangerous; 14% risk of failure)
Press: ? - help, Dir - move target, f/p - ogre
Aim: an ogre, wielding a +0 giant spiked club (slow, chance to affect: 68%)
The ogre is filled with an inner flame. 😕 MP[-3]
You lost 3 mp, and now have 2/10 mp.
Throw: 10 darts (poison) {throwing}
Press: ? - help, Q - select action, (/) - cycle Shift-Dir - straight line, f/p - ogre
Aim: an ogre, wielding a +0 giant spiked club (inner flame, slow, 75% to hit)
You throw a poisoned dart {throwing}.
The poisoned dart {throwing} barely misses the ogre.
Throw: 9 darts (poison) {throwing}
Press: ? - help, Q - select action, (/) - cycle Shift-Dir - straight line, f/p - ogre
Aim: an ogre, wielding a +0 giant spiked club (inner flame, slow, 75% to hit)
You throw a poisoned dart {throwing}.
The poisoned dart {throwing} barely misses the ogre. 😕 HP[+1] Throw: 8 darts (poison) {throwing}
Press: ? - help, Q - select action, (/) - cycle Shift-Dir - straight line, f/p - ogre
Aim: an ogre, wielding a +0 giant spiked club (inner flame, slow, 75% to hit)
You throw a poisoned dart {throwing}.
The poisoned dart {throwing} hits the ogre.
The ogre is poisoned.
You hit the ogre.
Flame seeps out of the ogre. x2
The ogre is engulfed in blazing flames.
Flame seeps out of the ogre.
The ogre closely misses you.
You hit the ogre but do no damage.
Flame seeps out of the ogre.
You closely miss the ogre.
Flame seeps out of the ogre.
The ogre is engulfed in blazing flames.
The ogre explodes!
The fiery explosion engulfs you!!!
Ouch! That really hurt!
You die...

Skill      XL: |  1  2  3  4  5  6 |
---------------+-------------------+-----
Bows           | 3 4 5 6 |  6.0
Fire Magic     | 2 3 |  3.0
Dodging        | 4 5 |  5.0
Fighting       | 2 |  2.9
Spellcasting   | |  1.5
Hexes          | |  4.0

Action                   |  1- 3 |  4- 6 || total
-------------------------+-------+-------++-------
Melee: Dagger            |    59 |   105 ||   164
       Morningstar       |       |    58 ||    58
 Fire: Shortbow          |   109 |    75 ||   184
Throw: Javelin           |     2 |     2 ||     4
       Dart              |       |     5 ||     5
 Cast: Slow              |     2 |    18 ||    20
       Inner Flame       |       |     5 ||     5
  Use: Scroll            |       |     6 ||     6
       Potion            |       |     2 ||     2
 Stab: Sleeping          |       |     2 ||     2
Armor: Robe              |    19 |    41 ||    60
       Skin              |       |    17 ||    17
Dodge: Dodged            |    58 |   155 ||   213

Levels and vault maps discovered:
D:1:      minmay_arrival_doors, layout_basic, st_stairs_10,
          chequers_serial_rivers_large_b
D:2:      layout_rooms
D:3:      layout_loops_cross, okawaru_altar_gauntlet_db,
          hellmonk_ecumenical_altar_blasted, minmay_between
D:4:      layout_basic

Notes
Turn   | Place    | Note
-------+----------+-------------------------------------------
     0 | D:1      | KyoPewz the Deep Elf Arcane Marksman began the quest for
                  | the Orb.
     0 | D:1      | Reached XP level 1. HP: 11/11 MP: 5/5
     0 | D:1      | magus.rc [v1.9.6]
    69 | D:1      | Reached skill level 3 in Bows
   104 | D:1      | Reached XP level 2. HP: 14/16 MP: 6/6
   213 | D:1      | Reached skill level 4 in Bows
   401 | D:1      | HP: 3/16 [kobold (2)]
   407 | D:1      | HP: 2/16 [kobold/stone (2)]
  1118 | D:1      | Reached XP level 3. HP: 16/20 MP: 7/7
  1183 | D:1      | HP: 4/20 [worm (6)]
  1624 | D:2      | Reached skill level 5 in Bows
  2031 | D:2      | Reached XP level 4. HP: 24/24 MP: 8/8
  2178 | D:2      | You pick up a book of Minor Magic and begin reading...
  2178 | D:2      | You add the spells Magic Dart, Call Imp and Mephitic Cloud
                  | to your library.
  2265 | D:3      | Noticed an ice beast
  2729 | D:3      | Learned a level 3 spell: Inner Flame
  2835 | D:4      | Reached skill level 6 in Bows
  3124 | D:2      | Reached skill level 1 in Fire Magic
  3465 | D:3      | Reached skill level 2 in Fire Magic
  3609 | D:3      | Reached XP level 5. HP: 23/28 MP: 9/9
  3617 | D:3      | Found an iron altar of Okawaru.
  3751 | D:3      | HP: 7/28 [something (2)]
  3753 | D:3      | Reached skill level 3 in Fire Magic
  3890 | D:3      | HP: 5/28 [adder (3)]
  3893 | D:3      | HP: 1/28 [adder (4)]
  3899 | D:3      | HP: 7/28 [poisoned by an adder]
  4208 | D:3      | Reached skill level 3 in Dodging
  4327 | D:3      | Found a faded altar of an unknown god.
  4486 | D:3      | Killed an ice beast
  4487 | D:3      | Reached skill level 4 in Dodging
  4487 | D:3      | Reached XP level 6. HP: 33/33 MP: 6/10
  4889 | D:4      | Reached skill level 5 in Dodging
  5267 | D:4      | Reached skill level 1 in Fighting
  5315 | D:4      | Noticed a yak
  5337 | D:4      | Killed a yak
  5338 | D:4      | Reached skill level 2 in Fighting
  5502 | D:4      | Noticed a two-headed ogre
  5528 | D:4      | Killed by an exploding ogre... ignited by their inner flame

Vanquished Creatures
  A yak (D:4)
  An ice beast (D:3)
  An ogre (D:4)
  A hound (D:4)
  An orc priest (D:2)
  An iguana (D:2)
  An orc wizard (D:3)
  A howler monkey skeleton (D:4)
  2 gnolls (D:3)
  4 adders
  2 worms
  A dart slug (D:2)
  8 orcs
  4 endoplasms
  A giant cockroach (D:1)
  5 goblins
  11 hobgoblins
  2 jackals (D:4)
  4 quokkas
  5 ball pythons
  3 bats (D:2)
  3 frilled lizards
  5 kobolds
  5 rats
73 creatures vanquished.

Table legend:
 A = Non-vault XP
 B = Vault XP
 C = Vault XP percentage of total XP
 D = Non-vault monster count
 E = Vault monster count
 F = Vault count percentage of total count
                 A         B        C        D         E       F
            +---------+---------+-------+---------+---------+-------
      Total |     755 |      58 |   7.1 |      62 |      11 |  15.1
            +---------+---------+-------+---------+---------+-------
        D:1 |      45 |       4 |   8.2 |      26 |       2 |   7.1
        D:2 |      95 |       0 |   0.0 |      12 |       0 |   0.0
        D:3 |     214 |      54 |  20.1 |      12 |       9 |  42.9
        D:4 |     401 |       0 |   0.0 |      12 |       0 |   0.0
            +---------+---------+-------+---------+---------+-------

Illustrated notes

Table legend:
 A = Kills in this place as a percentage of kills in entire the game.
 B = Kills by you in this place as a percentage of kills by you in the entire game.
 C = Kills by friends in this place as a percentage of kills by friends in the entire game.
 D = Other kills in this place as a percentage of other kills in the entire game.
 E = Experience gained in this place as a percentage of experience gained in the entire game.
 F = Experience gained in this place divided by the number of levels of this place that you have seen.
                   A       B       C       D       E      F
               +-------+-------+-------+-------+-------+----------------------
         Total | 100.0 | 100.0 |   N/A |   N/A | 100.0 | 203.2
       Dungeon | 100.0 | 100.0 |   N/A |   N/A | 100.0 | 203.2
               +-------+-------+-------+-------+-------+----------------------

Table legend: (Time is in decaauts)
 A = Elapsed time spent in this place.
 B = Non-inter-level travel time spent in this place.
 C = Inter-level travel time spent in this place.
 D = Time resting spent in this place.
 E = Time spent auto-exploring this place.
 F = Levels seen in this place.
 G = Mean time per level.
                   A        B        C        D        E       F      G
               +--------+--------+--------+--------+--------+-----+--------+
         Total |   5612 |   5473 |    139 |   1431 |   2120 |   4 | 1403.0 |
       Dungeon |   5612 |   5473 |    139 |   1431 |   2120 |   4 | 1403.0 |
               +--------+--------+--------+--------+--------+-----+--------+

Top non-repeatable levels by time:
     D:3: 1767 daAuts
     D:1: 1609 daAuts
     D:2: 1262 daAuts
     D:4: 973 daAuts
